 Dungeon Crawl Stone Soup version 0.25.1-8-g42b30a86e7 (webtiles) character file.

Game seed: 7873517641731792982

5212 hawla the Magician (level 10, -3/81 HPs)
             Began as a Black Draconian Conjurer on Dec 14, 2020.
             Was a Priest of Vehumet.
             Slain by a wolf (5 damage)
             ... on level 8 of the Dungeon.
             The game lasted 00:47:47 (12316 turns).

hawla the Magician (Black Draconian Conjurer)      Turns: 12316, Time: 00:47:48

Health: -3/81      AC:  9    Str: 11    XL:     10   Next: 35%
Magic:  20/27      EV: 14    Int: 18    God:    Vehumet [***...]
Gold:   396        SH:  0    Dex:  8    Spells: 9/23 levels left

rFire    . . .     SeeInvis .   y - +0 quarterstaff
rCold    + + .     Gourm    .   (shield currently unavailable)
rNeg     . . .     Faith    .   (armour unavailable)
rPois    .         Spirit   .   (helmet restricted)
rElec    +         Reflect  .   o - +0 cloak "Voiff" {Regen+ MP+9 Dex-4}
rCorr    .         Harm     .   (no gloves)
MR       .....                  f - +0 pair of boots
Stlth    ++........             (no amulet)
HPRegen  0.63/turn              a - ring of protection from cold
MPRegen  0.20/turn              p - ring of protection from cold

@: no status effects
A: breathe lightning, unfitting armour, fangs 1, low mp 1, electricity
resistance, cold-blooded, AC +7
a: Breathe Lightning, Renounce Religion


You were on level 8 of the Dungeon.
You worshipped Vehumet.
Vehumet was most pleased with you.
You were hungry.

You visited 2 branches of the dungeon, and saw 10 of its levels.
You also visited: Sewer and Ossuary.

You collected 396 gold pieces.

Inventory:

Hand Weapons
 y - a +0 quarterstaff (weapon)
Missiles
 d - 34 poisoned darts (quivered)
 e - 3 boomerangs
Armour
 f - a +0 pair of boots (worn)
 o - the +0 cloak "Voiff" (worn) {Regen+ MP+9 Dex-4}
   (You acquired it on level 6 of the Dungeon)

   It affects your dexterity (-4).
   It affects your magic capacity (+9).
   It increases your rate of regeneration.
Jewellery
 a - a ring of protection from cold (left hand)
 p - a ring of protection from cold (right hand)
Wands
 b - a wand of iceblast (16)
 m - a wand of flame (14)
 n - a wand of polymorph (14)
Scrolls
 k - a scroll of remove curse
 r - 2 scrolls of enchant weapon
 t - a scroll of teleportation
 u - a scroll of amnesia
Potions
 h - 3 potions of flight
 i - 2 potions of curing
 j - 6 potions of lignification {unknown}
 q - a potion of stabbing
 s - a potion of brilliance
 v - a potion of resistance
 w - a potion of magic
Comestibles
 c - 7 rations


   Skills:
 + Level 5.5 Fighting
 + Level 0.3 Staves
 - Level 2.0 Throwing
 + Level 6.3 Dodging
 - Level 2.0 Stealth
 + Level 7.2 Spellcasting
 - Level 7.0 Conjurations
 - Level 6.2 Translocations
 - Level 2.3 Ice Magic
 - Level 3.8 Air Magic
 + Level 2.8 Evocations


You had 9 spell levels left.
You knew the following spells:

 Your Spells              Type           Power        Failure   Level  Hunger
a - Magic Dart            Conj           ####         1%          1    None
b - Searing Ray           Conj           ####..       1%          2    None
c - Iskenderun's Mystic   Conj/Tloc      ####....     1%          4    ###....
d - Blink                 Tloc           N/A          1%          2    None
e - Freeze                Ice            ##..         1%          1    None
f - Airstrike             Air            ###.......   6%          4    ###....

Your spell library contained the following spells:

 Spells                   Type           Power        Failure   Level  Hunger
 Mephitic Cloud           Conj/Pois/Air  ###.....     1%          3    #......
 Conjure Flame            Conj/Fire      ###.....     2%          3    #......
 Dazzling Flash           Conj/Hex       ###...       2%          3    #......
 Fulminant Prism          Conj/Hex       ###.......   7%          4    ###....
 Call Imp                 Summ           #.......     16%         2    None
 Slow                     Hex            #.......     16%         2    None


Dungeon Overview and Level Annotations

Branches:
Dungeon (9/15)             Temple (1/1) D:5           Sewer (visited)
Ossuary (visited)
   Lair: D:8-11         Orc: D:9-12

Altars:
Ashenzari
Cheibriados
Dithmenos
Elyvilon
Fedhas
Gozag
Hepliaklqana
Kikubaaqudgha
Makhleb
Nemelex Xobeh
Okawaru
Qazlal
Ru
Sif Muna
Trog
Uskayaw
Vehumet
Wu Jian
Xom
Yredelemnul
Zin
The Shining One


Innate Abilities, Weirdness & Mutations

You can breathe wild blasts of lightning.
Your glossy black scales are hard. (AC +7)
You cannot fit into any form of body armour.
You are resistant to electric shocks. (rElec)
You are cold-blooded and may be slowed by cold attacks.
You have very sharp teeth.
Your magical capacity is low. (-10% MP)


Message History

The wolf bites you.
* * * LOW HITPOINT WARNING * * *
The basilisk bites you but does no damage.
The wolf bites you!
* * * LOW HITPOINT WARNING * * *
The wolf bites you.
* * * LOW HITPOINT WARNING * * *
The wolf barely misses you. The basilisk bites you!
* * * LOW HITPOINT WARNING * * *
The wolf bites you.
* * * LOW HITPOINT WARNING * * *
You turn to flesh and can move again.
You feel better. The wolf bites you.
* * * LOW HITPOINT WARNING * * *
The wolf barely misses you.
A porcupine comes into view.
The basilisk bites you!
* * * LOW HITPOINT WARNING * * *
The wolf bites you.
You die... ..Pr ..P. .Pr.P

.h... ...... #.
#.$P...
##...####h......
#......<@hh.....
##...####l......
... #...... .
#..... #...#
#+##


You could see a basilisk, 2 black bears, 2 wolves and 2 porcupines.

Vanquished Creatures
  Joseph (D:7)
  Grinder (D:4)
  2 hippogriffs (D:7)
  A human (D:7)
  A hungry ghost (D:7)
  4 hogs (D:7)
  Menkaure (D:5)
  A black bear (D:8)
  2 sky beasts
  An ice beast (D:5)
  A hornet zombie (D:6)
  2 orc warriors (D:6)
  3 phantoms
  4 ogres
  4 centaurs
  A big kobold (Sewer)
  Blork the orc (D:6)
  3 bullfrogs (D:7)
  2 scorpions
  3 electric eels (D:4)
  2 howler monkeys
  4 crimson imps
  A bullfrog zombie (Ossuary)
  6 orc priests
  4 worker ants
  14 mummies (Ossuary)
  3 orc wizards
  A killer bee zombie (Ossuary)
  A hound zombie (Ossuary)
  A hound skeleton (D:6)
  A howler monkey zombie (D:6)
  2 worker ant zombies (Ossuary)
  9 adders
  4 river rats
  3 shadow imps
  A white imp (D:5)
  3 oozes
  An adder skeleton (D:4)
  2 adder zombies
  3 worms
  4 dart slugs
  7 leopard geckos
  30 orcs
  2 ball pythons
  7 giant cockroaches
  13 goblins
  7 hobgoblins
  5 jackals
  4 quokkas
  6 bats
  7 frilled lizards
  10 kobolds
  A leopard gecko skeleton (D:4)
  A quokka skeleton (D:2)
  2 quokka zombies (Ossuary)
  8 rats
219 creatures vanquished.

Vanquished Creatures (others)
  A withered plant (Ossuary)
1 creature vanquished.

Grand Total: 220 creatures vanquished

Notes
Turn   | Place    | Note
-------+----------+-------------------------------------------
     0 | D:1      | hawla the Draconian Conjurer began the quest for the Orb.
     0 | D:1      | Reached XP level 1. HP: 14/14 MP: 3/3
   257 | D:1      | Reached XP level 2. HP: 22/22 MP: 0/5
   261 | D:1      | Learned a level 2 spell: Searing Ray
   700 | D:1      | Reached skill level 1 in Fighting
   714 | D:1      | Reached skill level 1 in Throwing
   900 | D:1      | Reached XP level 3. HP: 28/28 MP: 3/6
  1245 | D:2      | Found a shadowy altar of Dithmenos.
  1245 | D:2      | Found an ancient bone altar of Kikubaaqudgha.
  1719 | D:2      | Reached XP level 4. HP: 35/35 MP: 2/8
  1915 | D:2      | Found a basalt altar of Yredelemnul.
  2023 | D:2      | Found a stormy altar of Qazlal.
  2246 | D:2      | Learned a level 4 spell: Iskenderun's Mystic Blast
  2876 | D:3      | Gained mutation: You are dopey. (Int -2) [potion of
                  | mutation]
  2876 | D:3      | Gained mutation: Scrolls take you a little longer to read.
                  | [potion of mutation]
  2876 | D:3      | Lost mutation: You are dopey. (Int -2) [potion of mutation]
  3221 | D:2      | Found a radiant altar of Vehumet.
  3231 | D:2      | Became a worshipper of Vehumet
  3624 | D:3      | Reached skill level 1 in Translocations
  3624 | D:3      | Reached XP level 5. HP: 17/41 MP: 0/9
  4145 | D:3      | Found a shimmering blue altar of Sif Muna.
  4155 | D:3      | Found a shattered altar of Ashenzari.
  4337 | D:4      | Found a snail-covered altar of Cheibriados.
  4347 | D:4      | Found a glowing drain.
  4352 | Sewer    | Entered a sewer
  4358 | Sewer    | Reached * piety under Vehumet
  4358 | Sewer    | Offered knowledge of Sandblast by Vehumet.
  4488 | Sewer    | Reached XP level 6. HP: 26/48 MP: 5/11
  4755 | Sewer    | Found a white marble altar of Elyvilon.
  4793 | Sewer    | Lost mutation: Scrolls take you a little longer to read.
                  | [potion of mutation]
  4793 | Sewer    | Gained mutation: You are weak. (Str -2) [potion of
                  | mutation]
  4793 | Sewer    | Gained mutation: You are resistant to electric shocks.
                  | (rElec) [potion of mutation]
  5155 | D:4      | Found a transporter.
  5222 | D:4      | Found a blossoming altar of Fedhas.
  5310 | D:4      | Noticed Grinder
  5325 | D:4      | Paralysed by Grinder for 2 turns
  5354 | D:4      | Killed Grinder
  5354 | D:4      | Your scales start taking on a glossy black colour.
  5354 | D:4      | Reached XP level 7. HP: 46/56 MP: 1/12
  5354 | D:4      | Mutation became permanent: You are resistant to electric
                  | shocks. (rElec) [Black Draconian growth]
  5354 | D:4      | Gained mutation: You are resistant to electric shocks.
                  | (rElec) [Black Draconian growth]
  5567 | D:4      | Found a transporter.
  5980 | D:5      | Entered Level 5 of the Dungeon
  6070 | D:5      | Found a sand-covered staircase.
  6088 | Ossuary  | Entered an ossuary
  6093 | Ossuary  | Learned a level 2 spell: Blink
  6154 | Ossuary  | Reached skill level 5 in Conjurations
  6466 | Ossuary  | Offered knowledge of Freeze by Vehumet.
  6473 | Ossuary  | Reached ** piety under Vehumet
  6672 | Ossuary  | Reached XP level 8. HP: 50/63 MP: 1/14
  6739 | Ossuary  | Learned a level 1 spell: Freeze
  7016 | Ossuary  | Lost mutation: You are weak. (Str -2) [potion of mutation]
  7016 | Ossuary  | Gained mutation: You are occasionally teleported next to
                  | monsters. [potion of mutation]
  7016 | Ossuary  | Gained mutation: You have a pair of small horns on your
                  | head. [potion of mutation]
  7016 | Ossuary  | Gained mutation: Your spells are a little harder to cast,
                  | but a little more powerful. [potion of mutation]
  7069 | D:5      | Found a staircase to the Ecumenical Temple.
  7069 | D:5      | Found a shimmering altar of Xom.
  7075 | Temple   | Entered the Ecumenical Temple
  7482 | D:5      | Reached skill level 1 in Ice Magic
  7587 | D:5      | Noticed Menkaure
  7596 | D:5      | Killed Menkaure
  7688 | D:5      | Lost mutation: You have a pair of small horns on your head.
                  | [potion of mutation]
  7688 | D:5      | Lost mutation: You are occasionally teleported next to
                  | monsters. [potion of mutation]
  7688 | D:5      | Lost mutation: Your spells are a little harder to cast, but
                  | a little more powerful. [potion of mutation]
  7688 | D:5      | Gained mutation: Your magical capacity is low. (-10% MP)
                  | [potion of mutation]
  7688 | D:5      | Gained mutation: You have very sharp teeth. [potion of
                  | mutation]
  7799 | D:5      | Reached skill level 5 in Spellcasting
  7799 | D:5      | Reached skill level 5 in Translocations
  8946 | D:6      | Identified a scroll of acquirement
  8946 | D:6      | Acquired the +0 cloak "Voiff" {Regen+ MP+9 Dex-4}
  8952 | D:6      | You fall into a shaft and drop 3 floors!
  9257 | D:7      | Reached XP level 9. HP: 69/69 MP: 14/14
  9465 | D:7      | Offered knowledge of Inner Flame by Vehumet.
  9465 | D:7      | Reached skill level 1 in Evocations
  9785 | D:6      | Reached *** piety under Vehumet
 10185 | D:6      | Reached skill level 5 in Dodging
 10229 | D:6      | Noticed Blork the orc
 10294 | D:6      | Killed Blork the orc
 11184 | D:7      | Reached skill level 5 in Fighting
 11185 | D:7      | Offered knowledge of Airstrike by Vehumet.
 11197 | D:7      | Learned a level 4 spell: Airstrike
 11398 | D:7      | Reached skill level 1 in Air Magic
 11398 | D:7      | Reached XP level 10. HP: 78/81 MP: 6/18
 11652 | D:7      | Noticed Joseph
 11658 | D:7      | Killed Joseph
 12316 | D:8      | HP: 2/81 [basilisk (11)]
 12316 | D:8      | Slain by a wolf

Illustrated notes

Levels and vault maps discovered:
D:1:      dpeg_arrival_rooms_c, layout_loops_ring
D:2:      layout_loops_ring, nicolae_qazlal_eye_of_the_storm,
          grunt_temple_overflow_open, nicolae_overflow_hidden_temple,
          first_ration
D:3:      layout_loops_ring, amethyst_overflow_temple_binary
D:4:      gammafunk_steamed_eel, layout_rooms, nicolae_overflow_crystal_walls,
          cheibrodos_sewer_entry_sluice, fedhas_ov_isle_minmay, uniq_grinder
D:5:      layout_basic, xom_teletrap_fun, minmay_temple_entry_junction_2,
          enter_ossuary_2, minmay_fire_ice_demons, uniq_menkaure
D:6:      layout_basic, uniq_blork_the_orc
D:7:      layout_gridville, grunt_livestock, roderic_roman_lattice,
          minmay_fractal_squares_gapless_5, uniq_joseph
D:8:      layout_loops_corners, minmay_lair_entry_grove, basic_altar,
          serial_shops, kennysheep_mini, hangedman_tree_tricks
D:9:      layout_roguey, serial_corexii_hall, corexii_hall_statues_u,
          chequers_hall_statues_y, minmay_misc_feat_nine_boxes
Temple:   dshaligram_water_room_temple

Skill      XL: |  1  2  3  4  5  6  7  8  9 10 |
---------------+-------------------------------+-----
Stealth        | 2 |  2.0
Dodging        | 2 3 4 6 |  6.3
Fighting       | 1 2 3 5 |  5.5
Throwing       | 1 2 |  2.0
Spellcasting   | 3 4 5 6 7 |  7.2
Translocations | 1 2 3 4 6 |  6.2
Conjurations   | 5 7 |  7.0
Ice Magic      | 2 |  2.3
Evocations     | 2 |  2.8
Air Magic      | 1 3 |  3.8
Staves         | |  0.3

Action                   |  1- 3 |  4- 6 |  7- 9 | 10-12 || total
-------------------------+-------+-------+-------+-------++-------
Melee: Unarmed           |    19 |     3 |     4 |       ||    26
       Tailslap          |     1 |     3 |     5 |       ||     9
       Whip              |       |     4 |    89 |    10 ||   103
       Dagger            |       |     3 |       |       ||     3
       Bite              |       |       |     3 |       ||     3
Throw: Dart              |       |     3 |       |       ||     3
 Cast: Magic Dart        |    52 |    52 |    87 |     5 ||   196
       Searing Ray       |    11 |    48 |    92 |     7 ||   158
       Iskenderun's Myst |       |     1 |    32 |     6 ||    39
       Freeze            |       |       |     8 |       ||     8
       Airstrike         |       |       |     1 |     7 ||     8
 Abil: Breathe Lightning |       |       |     1 |       ||     1
Evoke: Wand              |       |       |     4 |       ||     4
  Use: Scroll            |     1 |     4 |     5 |     6 ||    16
       Potion            |       |     5 |     5 |     2 ||    12
  Eat: Chunk             |     2 |     8 |    19 |     4 ||    33
       Ration            |     1 |     1 |     2 |       ||     4
Armor: Skin              |    10 |    13 |    67 |    42 ||   132
Dodge: Dodged            |    29 |    25 |   151 |    37 ||   242
